 Dungeon Crawl Stone Soup version 0.18.1-48-g4cf74bf (webtiles) character file.

93 luca467 the Slasher (level 4, -3/35 HPs)
             Began as a Demonspawn Gladiator on Sept 12, 2016.
             Slain by Natasha (6 damage)
             ... on level 2 of the Dungeon.
             The game lasted 00:06:00 (1812 turns).

luca467 the Slasher (Demonspawn Gladiator)          Turns: 1812, Time: 00:06:00

Health: -3/35      AC:  8    Str: 14 (15) XL:     4   Next: 36%
Magic:  4/4        EV: 18    Int:  9 (10) God:
Gold:   147        SH:  0    Dex: 17 (19) Spells: 0 memorised, 3 levels left

rFire  . . .     SeeInvis .     a - +0 long sword
rCold  . . .     Gourm    .     b - +0 leather armour
rNeg   . . .     Faith    .     (no shield)
rPois  .         Spirit   .     c - +0 helmet
rElec  .         Dismiss  .     (no cloak)
rCorr  .         Reflect  .     o - +0 pair of gloves
SustAt .         Harm     .     (no boots)
MR     .....                    (no amulet)
Stlth  ++........               (no ring)
                                (no ring)

@: agile, flying, slowed, very slow, not resistant to hostile enchantments,
unstealthy
A: thin metallic scales 2
a: no special abilities


You were on level 2 of the Dungeon.
You were very hungry.

You visited 1 branch of the dungeon, and saw 2 of its levels.

You collected 147 gold pieces.

Inventory:

Hand Weapons
 a - a +0 long sword (weapon)
 m - a +0 dagger
Missiles
 d - 3 throwing nets (quivered)
Armour
 b - a +0 leather armour (worn)
 c - a +0 helmet (worn)
 o - a +0 pair of gloves (worn)
Jewellery
 s - an uncursed ring of fire {unknown}
 t - a +4 ring of intelligence {unknown}
Scrolls
 e - a scroll of fog {unknown}
 g - a scroll of teleportation {unknown}
 j - 3 scrolls of identify {unknown}
 k - a scroll of enchant weapon {unknown}
 n - a scroll of noise {unknown}
 p - a scroll of remove curse {unknown}
 q - 2 scrolls of immolation {unknown}
Potions
 h - a potion of degeneration
 l - 2 potions of flight
 r - a potion of agility
Comestibles
 f - 4 bread rations
 i - 4 fruits


   Skills:
 * Level 3.5 Fighting
 * Level 3.8 Long Blades
 - Level 1.7 Throwing
 - Level 2.6 Dodging


You had 3 spell levels left.
You didn't know any spells.

Dungeon Overview and Level Annotations

Branches:
Dungeon (2/15)

Altars:

Annotations:
D:2 Natasha


Innate Abilities, Weirdness & Mutations

You are mostly covered in thin metallic scales (AC +3).


Message History

Natasha extends her claws.
Natasha claws you but does no damage.
Natasha stares at you and mumbles some strange words.
The magic dart hits you!
* * * LOW HITPOINT WARNING * * *
Drink which item? (? for menu, Esc to quit)
It was a potion of flight.
You feel very buoyant.
You fly up into the air.
Natasha claws you but does no damage.
Drink which item? (? for menu, Esc to quit)
It was a potion of degeneration.
There was something very wrong with that liquid.
You feel weakened.
You feel dopey.
You feel clumsy.
Natasha stares at you and mumbles some strange words.
You feel yourself slow down.
Drink which item? (? for menu, Esc to quit)
It was a potion of agility.
You feel agile all of a sudden. Natasha claws you.
You die...

#.# #.)##.#
##...## #.###
### #.#
###.###.#
#.......#
#.#.##.##
#.#######.#.##.#
###
#.55gh@.....##.#
###.##
#########.####.#
.....# #......#
###.## ########
#.# #.# #.# #.#
#.#


You could see Natasha, 2 crimson imps and a goblin.

Vanquished Creatures
  Jessica (D:2)
  2 adders (D:2)
  An ooze (D:2)
  2 giant geckos
  2 giant cockroaches
  11 goblins
  5 hobgoblins
  5 kobolds
  A ball python (D:2)
  4 bats
  A giant newt (D:1)
  6 rats
41 creatures vanquished.

Notes
Turn   | Place    | Note
--------------------------------------------------------------
     0 | D:1      | luca467 the Demonspawn Gladiator began the quest for the Orb.
     0 | D:1      | Reached XP level 1. HP: 16/16 MP: 1/1
   144 | D:1      | Gained mutation: You are partially covered in thin metallic scales (AC +2). [demonic ancestry]
   144 | D:1      | Reached XP level 2. HP: 21/22 MP: 2/2
  1117 | D:2      | Reached XP level 3. HP: 23/29 MP: 3/3
  1384 | D:2      | Noticed Jessica
  1396 | D:2      | Killed Jessica
  1396 | D:2      | Gained mutation: You are mostly covered in thin metallic scales (AC +3). [demonic ancestry]
  1396 | D:2      | Reached XP level 4. HP: 32/35 MP: 4/4
  1786 | D:2      | Noticed Natasha
  1812 | D:2      | Slain by Natasha

Skill      XL: |  1  2 |
---------------+-------+-----
Long Blades    | 3 |  3.8
Fighting       | 3 |  3.5
Throwing       | |  1.7
Dodging        | |  2.6

Action                   |  1- 3 |  4- 6 || total
-------------------------+-------+-------++-------
Melee: Long sword        |   120 |    55 ||   175
  Use: Potion            |       |     3 ||     3
  Eat: Chunk             |     1 |     1 ||     2
Armor: Leather armour    |    39 |    20 ||    59
Dodge: Dodged            |    86 |    44 ||   130
